 Dungeon Crawl Stone Soup version 0.28.0-55-gcd9437bce4 (webtiles) character file.

Game seed: 3045221900333740130

19668 AarnesTheHuman the Blocker (level 12, -2/97 HPs)
             Began as a Gnoll Fighter on Jan 2, 2023.
             Was a Priest of Qazlal.
             Slain by a blink frog (15 damage)
             ... on level 2 of the Lair of Beasts.
             The game lasted 00:24:57 (14099 turns).

AarnesTheHuman the Blocker (Gnoll Fighter)         Turns: 14099, Time: 00:24:58

Health: -2/97      AC:  6    Str: 25    XL:     12   Next: 71%
Magic:  21/23      EV: 14    Int:  9    God:    Qazlal [***...]
Gold:   723        SH: 10    Dex: 12    Spells: 26/26 levels left

rFire   + . .      SeeInvis .   a - +4 long sword (freeze)
rCold   . . .      Faith    .   c - +0 buckler
rNeg    . . .      Spirit   .   l - +1 leather armour {rF+}
rPois   .          Reflect  .   (no helmet)
rElec   .          Harm     .   m - scarf {repulsion}
rCorr   +          Rampage  .   z - +0 pair of gloves
Will    .....                   (no boots)
Stlth   ++........              o - amulet of regeneration
HPRegen 1.06/turn               s - +6 ring of strength
MPRegen 0.18/turn               B - ring of resist corrosion

@: repel missiles
A: fangs 1, strong nose, distributed training
a: Renounce Religion, Upheaval, Elemental Force


You were on level 2 of the Lair of Beasts.
You worshipped Qazlal.
Qazlal was most pleased with you.
You visited 3 branches of the dungeon, and saw 14 of its levels.
You also visited: Sewer and Bailey.

You collected 879 gold pieces.
You spent 156 gold pieces at shops.

Inventory:

Hand Weapons
 a - a +4 long sword of freezing (weapon)
 b - the +9 whip of Okawaru's Supremacy {vorpal, rC- Str+8 Int+3 SInv}
   (You found it on level 9 of the Dungeon)

   It inflicts extra damage upon your enemies.
   Str:       It affects your strength (+8).
   Int:       It affects your intelligence (+3).
   rC:        It makes you vulnerable to cold.
   SInv:      It lets you see invisible.
 p - the +8 dagger of Optimality {antimagic, *Corrode Str+4 Dex+3}
   (You found it on level 5 of the Dungeon)

   It reduces the magical energy of the wielder, and disrupts the spells and
   magical abilities of those it strikes.
   Natural abilities and divine invocations are not affected.
   Str:       It affects your strength (+4).
   Dex:       It affects your dexterity (+3).
   *Corrode:  It may corrode you when you take damage.
 G - a +2 dagger of venom
 I - a +0 broad axe
Missiles
 i - 427 stones
 x - 38 poisoned darts
 K - 3 silver javelins
 O - 5 boomerangs (quivered)
Armour
 c - a +0 buckler (worn)
 h - a +0 scale mail
 l - a +1 leather armour of fire resistance (worn)
 m - a scarf of repulsion (worn)
 y - a +1 cloak
 z - a +0 pair of gloves (worn)
Jewellery
 o - an amulet of regeneration (around neck)
 s - a +6 ring of strength (left hand)
 u - a ring of positive energy
 B - a ring of resist corrosion (right hand)
 F - a +6 ring of dexterity
Wands
 j - a wand of acid (4)
 v - a wand of iceblast (6)
 E - a wand of mindburst (2)
 H - a wand of flame (7)
Scrolls
 r - 2 scrolls of teleportation
 t - a scroll of amnesia
 L - 3 scrolls of blinking {unknown}
 M - 4 scrolls of fog {unknown}
 N - 2 scrolls of identify
 P - a scroll of enchant weapon {unknown}
 Q - a scroll of fear
 S - a scroll of brand weapon {unknown}
 T - a scroll of noise {unknown}
Potions
 d - 3 potions of might
 e - 3 potions of brilliance
 f - a potion of resistance
 g - 3 potions of curing
 k - 2 potions of cancellation
 n - 5 potions of lignification
 q - a potion of heal wounds
 w - 2 potions of degeneration {unknown}
 A - a potion of experience {unknown}
 C - 2 potions of magic
 D - a potion of ambrosia {unknown}
 J - 2 potions of attraction {unknown}
 R - a potion of mutation {unknown}


   Skills:
 + Level 10.1 Fighting
 + Level 7.5 Short Blades
 + Level 7.5 Long Blades
 + Level 8.9 Axes
 + Level 7.5 Maces & Flails
 + Level 7.5 Polearms
 + Level 7.5 Staves
 + Level 7.5 Slings
 + Level 7.5 Bows
 + Level 7.5 Crossbows
 + Level 7.5 Throwing
 + Level 10.1 Armour
 + Level 7.5 Dodging
 + Level 7.5 Stealth
 + Level 10.1 Shields
 + Level 7.5 Unarmed Combat
 + Level 7.5 Spellcasting
 + Level 6.2 Conjurations
 + Level 6.2 Hexes
 + Level 6.2 Summonings
 + Level 6.2 Necromancy
 + Level 6.2 Translocations
 + Level 6.2 Transmutations
 + Level 6.2 Fire Magic
 + Level 6.2 Ice Magic
 + Level 6.2 Air Magic
 + Level 6.2 Earth Magic
 + Level 6.2 Poison Magic
 + Level 8.3 Invocations
 + Level 7.5 Evocations


You had 26 spell levels left.
You didn't know any spells.
Your spell library contained the following spells:

 Spells                   Type           Power      Damage    Failure   Level
 Shock                    Conj/Air       56%        1d6       1%          1
 Confusing Touch          Hex            14%        N/A       6%          3
 Swiftness                Air            14%        N/A       6%          3
 Airstrike                Air            7%         N/A       19%         4
 Passage of Golubria      Tloc           14%        N/A       19%         4
 Silence                  Hex/Air        7%         N/A       47%         5
 Yara's Violent Unravell  Hex/Tmut       7%         3d5       47%         5
 Enfeeble                 Hex            7%         N/A       100%        7
 Borgnjor's Revivificati  Necr           7%         N/A       100%        8
 Lehudib's Crystal Spear  Conj/Erth      7%         10d3      100%        8
 Necromutation            Tmut/Necr      7%         N/A       100%        8
 Death's Door             Necr           7%         N/A       100%        9


Dungeon Overview and Level Annotations

Branches:
Dungeon (11/15)            Temple (1/1) D:6            Lair (2/6) D:8
  Sewer (visited)          Bailey (visited)
  Swamp: Lair:2-4    Shoals: Lair:2-4     Snake: Lair:2-4    Spider: Lair:2-4
    Orc: D:9-12

Altars:
Ashenzari
Cheibriados
Dithmenos
Elyvilon
Fedhas
Gozag
Hepliaklqana
Kikubaaqudgha
Makhleb
Nemelex Xobeh
Okawaru
Qazlal
Ru
Sif Muna
Trog
Uskayaw
Vehumet
Wu Jian
Xom
Yredelemnul
Zin
The Shining One

Shops:
D:1 :   D:5 [   D:8 *   D:9 *

Annotations:
D:6 3 runed translucent doors, exclusion: 3 doors, jaiteiro's ghost, novice DrIE


Innate Abilities, Weirdness & Mutations

You have very sharp teeth.
Your uncanny sense of smell can sniff out nearby items.
Your experience applies equally to all skills.


Message History

The blink frog is heavily wounded.
The blink frog blinks!
You hit the blink frog.
The blink frog is heavily wounded.
The blink frog barely misses you.
You hit the blink frog but do no damage.
Your bite misses the blink frog.
The blink frog is heavily wounded.
The blink frog hits you!
* * * LOW HITPOINT WARNING * * *
The blink frog blinks!
You barely miss the blink frog.
Your +4 long sword of freezing glows with a cold blue light!
a - a +4 long sword of freezing (weapon)
The blink frog barely misses you. The blink frog misses you.
You closely miss the blink frog. Your bite misses the blink frog.
The blink frog closely misses you.
The blink frog blinks!
You hit the blink frog. You freeze the blink frog.
Your bite misses the blink frog.
The blink frog is moderately wounded.
You block the blink frog's attack.
The blink frog is engulfed in blazing flames.
The blink frog misses you. You block the blink frog's attack.
The blink frog is engulfed in blazing flames.
The blink frog blinks!
The blink frog barely misses you.
You closely miss the blink frog. Your bite misses the blink frog.
The blink frog is almost dead.
The blink frog is engulfed in blazing flames.
You kill the blink frog!
Qazlal accepts your kill. The blink frog barely misses you.
The blink frog hits you!
* * * LOW HITPOINT WARNING * * *
You block the blink frog's attack.
You hit the blink frog.
The blink frog seems to slow down.
You freeze the blink frog.
The blink frog is severely wounded.
The blink frog hits you.
* * * LOW HITPOINT WARNING * * *
The blink frog blinks!
The blink frog hits you!
You die...

##.................#
#...F.....≈≈≈≈≈...P#
#........≈≈≈≈≈≈≈....
##.....≈≈≈≈###≈≈≈≈..
##....≈≈≈###(###≈≈≈.
#..>..≈≈≈#≈≈≈≈≈##≈≈.
##.F..≈≈≈≈≈≈≈≈≈ #≈≈≈
#F°§.≈≈P#≈ ##≈≈#
##@##≈≈≈### ###≈≈≈#
#####≈≈≈≈# #≈≈≈≈..
#P..≈≈≈≈≈≈≈....
##...≈≈≈≈≈#....
##....##......
..#####..... ..P
#..... .... .......
............


You could see 3 blink frogs.

Vanquished Creatures
  Snorg (D:10)
  2 hydras
  2 vault guards (Bailey)
  Harold (D:8)
  A two-headed ogre (D:11)
  Pikel (D:7)
  Joseph (Lair:1)
  A demonic crawler (Lair:2)
  Psyche (D:8)
  An unseen horror (D:10)
  4 komodo dragons
  5 cane toads (Lair:1)
  An efreet (D:11)
  A rime drake (Lair:2)
  A troll (D:9)
  2 hornets
  Prince Ribbit (Bailey)
  2 blink frogs (Lair:2)
  A shadow (D:11)
  3 humans (Bailey)
  3 wyverns
  10 yaks
  2 vampire mosquitoes (D:10)
  2 swamp worms
  An acid dragon (D:11)
  5 water moccasins
  2 orc warriors
  A black bear (D:8)
  3 ice beasts
  An ogre (D:5)
  7 wolves (Lair:1)
  3 phantoms
  9 centaurs
  3 lemures
  2 kobold brigands
  12 bullfrogs
  2 scorpions (D:5)
  A water moccasin zombie (D:6)
  11 killer bees
  12 wights
  A howler monkey (D:6)
  2 centaur zombies
  2 bullfrog zombies (D:5)
  2 hounds
  A jelly (D:5)
  A bullfrog skeleton (D:5)
  5 orc priests
  A scorpion zombie (D:4)
  Ijyb (D:4)
  6 hell rats
  4 iguanas
  7 orc wizards
  A killer bee zombie (D:7)
  2 hound skeletons
  7 gnolls
  2 howler monkey skeletons
  A river rat (D:3)
  12 adders
  A shadow imp (D:6)
  A white imp (D:8)
  An ufetubus (D:7)
  An adder skeleton (D:5)
  3 worms
  3 dart slugs
  33 orcs
  5 ball pythons
  9 endoplasms
  6 giant cockroaches
  7 hobgoblins
  A jackal (D:2)
  5 quokkas
  3 bats (D:1)
  A frilled lizard (D:3)
  14 goblins
  13 kobolds
  11 rats
  A spectral goblin (D:3)
302 creatures vanquished.

Vanquished Creatures (collateral kills)
  A komodo dragon (Lair:1)
1 creature vanquished.

Vanquished Creatures (others)
  A cane toad (Lair:1)
  A quokka (D:8)
  4 fungi
  10 plants
16 creatures vanquished.

Grand Total: 319 creatures vanquished

Notes
Turn   | Place    | Note
-------+----------+-------------------------------------------
     0 | D:1      | AarnesTheHuman the Gnoll Fighter began the quest for the
                  | Orb.
     0 | D:1      | Reached XP level 1. HP: 23/23 MP: 1/1
   122 | D:1      | Found Bomaifoirr's Book Boutique.
   335 | D:1      | Reached XP level 2. HP: 23/29 MP: 2/2
  1000 | D:2      | Reached XP level 3. HP: 15/35 MP: 3/3
  1449 | D:2      | Reached skill level 1 in Invocations
  1600 | D:2      | Reached skill level 1 in Short Blades
  1600 | D:2      | Reached skill level 1 in Long Blades
  1600 | D:2      | Reached skill level 1 in Maces & Flails
  1600 | D:2      | Reached skill level 1 in Polearms
  1600 | D:2      | Reached skill level 1 in Staves
  1600 | D:2      | Reached skill level 1 in Slings
  1600 | D:2      | Reached skill level 1 in Bows
  1600 | D:2      | Reached skill level 1 in Crossbows
  1600 | D:2      | Reached skill level 1 in Throwing
  1600 | D:2      | Reached skill level 1 in Dodging
  1600 | D:2      | Reached skill level 1 in Stealth
  1600 | D:2      | Reached skill level 1 in Unarmed Combat
  1600 | D:2      | Reached skill level 1 in Spellcasting
  1600 | D:2      | Reached skill level 1 in Evocations
  1757 | D:2      | You fall into a shaft and drop 1 floor!
  1764 | D:3      | Reached XP level 4. HP: 41/41 MP: 5/5
  1905 | D:3      | Reached skill level 1 in Conjurations
  1905 | D:3      | Reached skill level 1 in Hexes
  1905 | D:3      | Reached skill level 1 in Summonings
  1905 | D:3      | Reached skill level 1 in Necromancy
  1905 | D:3      | Reached skill level 1 in Translocations
  1905 | D:3      | Reached skill level 1 in Transmutations
  1905 | D:3      | Reached skill level 1 in Fire Magic
  1905 | D:3      | Reached skill level 1 in Ice Magic
  1905 | D:3      | Reached skill level 1 in Air Magic
  1905 | D:3      | Reached skill level 1 in Earth Magic
  1905 | D:3      | Reached skill level 1 in Poison Magic
  1907 | D:3      | Reached XP level 5. HP: 15/47 MP: 5/7
  2169 | D:3      | Found a glowing drain.
  2178 | Sewer    | Entered a sewer
  2580 | D:3      | Reached XP level 6. HP: 48/53 MP: 8/8
  3217 | D:3      | Found a faded altar of an unknown god.
  3827 | D:3      | Reached skill level 5 in Axes
  4572 | D:4      | Reached XP level 7. HP: 55/60 MP: 10/10
  4727 | D:4      | Noticed Ijyb
  4745 | D:4      | Killed Ijyb
  5005 | D:5      | Entered Level 5 of the Dungeon
  5467 | D:5      | Identified the +8 dagger of Optimality {antimagic, *Corrode
                  | Str+4 Dex+3}
  5550 | D:5      | Reached XP level 8. HP: 66/67 MP: 12/12
  5553 | D:5      | Found Ripnul's Antique Armour Emporium.
  6059 | D:6      | Found a runed translucent gate.
  6059 | D:6      | Found a runed translucent gate.
  6059 | D:6      | Found a runed translucent gate.
  6064 | D:6      | Noticed jaiteiro's ghost (novice DrIE)
  6351 | D:6      | Found a staircase to the Ecumenical Temple.
  6445 | Temple   | Entered the Ecumenical Temple
  6515 | Temple   | Became a worshipper of Qazlal Stormbringer
  6545 | D:6      | Reached XP level 9. HP: 69/73 MP: 14/14
  7065 | D:7      | Noticed a five-headed hydra
  7112 | D:7      | Killed a five-headed hydra
  7389 | D:7      | Reached skill level 5 in Invocations
  8075 | D:8      | Found Kaetema's General Store.
  8301 | D:8      | Found a staircase to the Lair.
  8369 | D:7      | Reached * piety under Qazlal
  8568 | D:8      | Noticed a hornet
  8574 | D:8      | Noticed Psyche
  8577 | D:8      | Killed a hornet
  8578 | D:8      | Reached XP level 10. HP: 69/80 MP: 17/17
  8774 | D:8      | Found a white marble altar of Elyvilon.
  8797 | D:8      | Killed Psyche
  8798 | D:8      | Reached skill level 5 in Short Blades
  8798 | D:8      | Reached skill level 5 in Long Blades
  8798 | D:8      | Reached skill level 5 in Maces & Flails
  8798 | D:8      | Reached skill level 5 in Polearms
  8798 | D:8      | Reached skill level 5 in Staves
  8798 | D:8      | Reached skill level 5 in Slings
  8798 | D:8      | Reached skill level 5 in Bows
  8798 | D:8      | Reached skill level 5 in Crossbows
  8798 | D:8      | Reached skill level 5 in Throwing
  8798 | D:8      | Reached skill level 5 in Dodging
  8798 | D:8      | Reached skill level 5 in Stealth
  8798 | D:8      | Reached skill level 5 in Unarmed Combat
  8798 | D:8      | Reached skill level 5 in Spellcasting
  8798 | D:8      | Reached skill level 5 in Evocations
  9072 | D:8      | Noticed Pikel
  9187 | D:7      | Killed Pikel
  9351 | D:8      | Noticed Harold
  9397 | D:8      | Killed Harold
  9892 | D:9      | Found a flagged portal.
  9914 | Bailey   | Entered a bailey
 10057 | Bailey   | Reached XP level 11. HP: 42/87 MP: 19/19
 10058 | Bailey   | Reached ** piety under Qazlal
 10200 | Bailey   | Noticed Prince Ribbit
 10214 | Bailey   | Killed Prince Ribbit
 10263 | Bailey   | Noticed a vault guard
 10301 | Bailey   | Killed a vault guard
 10302 | Bailey   | Reached skill level 5 in Conjurations
 10302 | Bailey   | Reached skill level 5 in Hexes
 10302 | Bailey   | Reached skill level 5 in Summonings
 10302 | Bailey   | Reached skill level 5 in Necromancy
 10302 | Bailey   | Reached skill level 5 in Translocations
 10302 | Bailey   | Reached skill level 5 in Transmutations
 10302 | Bailey   | Reached skill level 5 in Fire Magic
 10302 | Bailey   | Reached skill level 5 in Ice Magic
 10302 | Bailey   | Reached skill level 5 in Air Magic
 10302 | Bailey   | Reached skill level 5 in Earth Magic
 10302 | Bailey   | Reached skill level 5 in Poison Magic
 10380 | Bailey   | Noticed a vault guard
 10399 | Bailey   | Killed a vault guard
 10579 | D:9      | Found Etitor's Neck Hole.
 10590 | D:9      | Bought a scarf of repulsion for 156 gold pieces
 10789 | D:9      | Identified the +9 whip of Okawaru's Supremacy {vorpal, rC-
                  | Str+8 Int+3 SInv}
 10807 | D:10     | Entered Level 10 of the Dungeon
 11007 | D:10     | Noticed Snorg
 11656 | D:10     | Killed Snorg
 11858 | D:11     | Noticed a two-headed ogre
 11895 | D:11     | Killed a two-headed ogre
 12161 | D:11     | Reached XP level 12. HP: 95/96 MP: 22/22
 12339 | D:11     | Found a glowing silver altar of Zin.
 12339 | D:11     | Noticed an angel
 12659 | Lair:1   | Entered Level 1 of the Lair of Beasts
 12767 | Lair:1   | Reached *** piety under Qazlal
 12972 | Lair:1   | Noticed Joseph
 12988 | Lair:1   | HP: 1/97 [Joseph/+0 quarterstaff (10)]
 12992 | Lair:1   | Killed Joseph
 13819 | Lair:2   | Noticed a four-headed hydra
 13907 | Lair:2   | Killed a four-headed hydra
 13908 | Lair:2   | Reached skill level 10 in Fighting
 13908 | Lair:2   | Reached skill level 10 in Armour
 13908 | Lair:2   | Reached skill level 10 in Shields
 14087 | Lair:2   | HP: 4/97 [blink frog (5)]
 14099 | Lair:2   | Slain by a blink frog

Illustrated notes

Levels and vault maps discovered:
D:1:      dpeg_arrival_renting, layout_basic, serial_shops, shop
D:2:      minmay_chambers_of_ones, layout_rooms, minivault_24
D:3:      layout_loops_cross, portal_sewer_entry_a,
          dreamdust_ecumenical_altar_drowned_temple, minmay_misc_feat_enclosed,
          minmay_misc_feat_cross
D:4:      kennysheep_six_static_rooms, layout_basic, uniq_ijyb
D:5:      layout_rooms, serial_shops, kennysheep_mini
D:6:      layout_cave_pods, temple_green, ebering_ghost_rock_garden
D:7:      layout_layer_cave, minivault_23, minivault_27
D:8:      layout_basic, elyvilon_altar_4, dpeg_oklobed_lair, serial_shops,
          nicolae_shop_stone, uniq_pikel, uniq_harold, uniq_psyche
D:9:      layout_basic, enter_bailey_5, kennysheep_big_empty_room,
          nicolae_shop_sticking_my_neck_out
D:10:     layout_rooms, uniq_snorg
D:11:     layout_irregular_city, zin_angel
Temple:   grunt_wide_crystal_templ
Lair:1:   layout_regular_city, infiniplex_staircase_pool_2, grunt_megastairs_1,
          uniq_joseph
Lair:2:   layout_small_grid, worms_lemuel, lemuel_fruit_tree, grunt_megastairs_3

Skill      XL: |  1  2  3  4  5  6  7  8  9 10 11 12 |
---------------+-------------------------------------+-----
Invocations    | 1 2 3 4 5 6 7 8 |  8.3
Short Blades   | 1 2 3 4 5 6 7 |  7.5
Long Blades    | 1 2 3 4 5 6 7 |  7.5
Maces & Flails | 1 2 3 4 5 6 7 |  7.5
Polearms       | 1 2 3 4 5 6 7 |  7.5
Staves         | 1 2 3 4 5 6 7 |  7.5
Slings         | 1 2 3 4 5 6 7 |  7.5
Bows           | 1 2 3 4 5 6 7 |  7.5
Crossbows      | 1 2 3 4 5 6 7 |  7.5
Throwing       | 1 2 3 4 5 6 7 |  7.5
Dodging        | 1 2 3 4 5 6 7 |  7.5
Stealth        | 1 2 3 4 5 6 7 |  7.5
Unarmed Combat | 1 2 3 4 5 6 7 |  7.5
Spellcasting   | 1 2 3 4 5 6 7 |  7.5
Evocations     | 1 2 3 4 5 6 7 |  7.5
Conjurations   | 1 2 3 4 5 6 |  6.2
Hexes          | 1 2 3 4 5 6 |  6.2
Summonings     | 1 2 3 4 5 6 |  6.2
Necromancy     | 1 2 3 4 5 6 |  6.2
Translocations | 1 2 3 4 5 6 |  6.2
Transmutations | 1 2 3 4 5 6 |  6.2
Fire Magic     | 1 2 3 4 5 6 |  6.2
Ice Magic      | 1 2 3 4 5 6 |  6.2
Air Magic      | 1 2 3 4 5 6 |  6.2
Earth Magic    | 1 2 3 4 5 6 |  6.2
Poison Magic   | 1 2 3 4 5 6 |  6.2
Axes           | 5 6 7 8 |  8.9
Fighting       | 7 8 9 10 | 10.1
Armour         | 7 8 9 10 | 10.1
Shields        | 7 8 9 10 | 10.1

Action                   |  1- 3 |  4- 6 |  7- 9 | 10-12 || total
-------------------------+-------+-------+-------+-------++-------
Melee: War axe           |    62 |       |     3 |       ||    65
       Bite              |     8 |    31 |    71 |    77 ||   187
       Dagger            |    39 |   265 |   470 |   129 ||   903
       Long sword        |       |       |       |   144 ||   144
       Whip              |       |       |       |   318 ||   318
Throw: Dart              |       |       |     4 |    22 ||    26
       Throwing net      |       |       |       |     3 ||     3
       Boomerang         |       |       |       |     5 ||     5
Invok: Upheaval          |       |       |       |     3 ||     3
Evoke: Wand              |       |       |     6 |    12 ||    18
  Use: Scroll            |       |     6 |     7 |     3 ||    16
       Potion            |       |       |       |     2 ||     2
 Stab: Sleeping          |       |       |     4 |       ||     4
       Held in net/web   |       |       |       |     1 ||     1
Armor: Scale mail        |    48 |    41 |       |       ||    89
       Leather armour    |       |    19 |   144 |   112 ||   275
Dodge: Dodged            |    39 |   100 |   240 |   320 ||   699
       Repelled          |       |       |       |     1 ||     1
Block: Buckler           |    28 |    53 |    98 |   271 ||   450
